 Dungeon Crawl Stone Soup version 0.27.1-2-g3b301248ec (webtiles) character file.

Game seed: 1993543185419064320

202 Descartes the Shield-Bearer (level 6, -1/47 HPs)
             Began as a Formicid Fighter on Oct 2, 2021.
             Killed from afar by an orc wizard (5 damage)
             ... with a magic dart
             ... on level 4 of the Dungeon.
             The game lasted 00:05:42 (3673 turns).

Descartes the Shield-Bearer (Formicid Fighter)      Turns: 3673, Time: 00:05:42

Health: -1/47      AC: 11    Str: 20    XL:     6   Next: 8%
Magic:  6/6        EV:  5    Int: 10    God:
Gold:   127        SH: 10    Dex: 10    Spells: 5/5 levels left

rFire    . . .     SeeInvis +   a - +0 war axe
rCold    . . .     Faith    .   c - +0 kite shield
rNeg     . . .     Spirit   .   i - +0 plate armour
rPois    .         Reflect  .   (helmet unavailable)
rElec    .         Harm     .   (no cloak)
rCorr    .         Rampage  .   (no gloves)
Will     .....                  (no boots)
Stlth    ..........             (no amulet)
HPRegen  0.15/turn              (no ring)
MPRegen  0.10/turn              (no ring)

@: no status effects
A: permanent stasis, dig shafts and tunnels, antennae 3, four strong arms
a: Dig, Shaft Self


You were on level 4 of the Dungeon.
You visited 1 branch of the dungeon, and saw 4 of its levels.

You collected 127 gold pieces.

Inventory:

Hand Weapons
 a - a +0 war axe (weapon)
 h - a +0 hunting sling
 q - a +0 hand crossbow
 w - a +2 morningstar of protection
Missiles
 n - 77 stones
 r - 46 arrows
 s - 35 bolts
Armour
 b - a +0 scale mail
 c - a +0 kite shield (worn)
 i - a +0 plate armour (worn)
Scrolls
 j - a scroll of blinking {unknown}
 k - 3 scrolls of identify {unknown}
 m - 2 scrolls of noise {unknown}
 o - a scroll of immolation {unknown}
 u - a scroll of magic mapping {unknown}
 v - a scroll of enchant armour {unknown}
Potions
 d - a potion of might
 e - a potion of flight
 f - a potion of berserk rage
 g - a potion of attraction {unknown}
 l - a potion of lignification
 t - a potion of magic


   Skills:
 - Level 3.2 Fighting
 - Level 2.0 Axes
 - Level 3.2 Armour
 + Level 7.6 Shields


You had 5 spell levels left.
You didn't know any spells.
Your spell library contained the following spells:

 Spells                   Type           Power      Damage    Failure   Level
 Inner Flame              Hex/Fire       0%         N/A       100%        3
 Cause Fear               Hex            0%         N/A       100%        4
 Discord                  Hex            0%         N/A       100%        8


Dungeon Overview and Level Annotations

Branches:
Dungeon (4/15)
 Temple: D:4-7

Altars:
Dithmenos
Nemelex Xobeh
Qazlal
Ru
Trog
Uskayaw
Yredelemnul

Shops:
D:2 ![:


Innate Abilities, Weirdness & Mutations

You cannot be hasted, slowed, berserked, paralysed or teleported.
You can dig through walls and to a lower floor.
You have a pair of large antennae on your head. (SInv)
Your four strong arms can wield two-handed weapons with a shield.


Message History

You barely miss something. x2; Something hits you but does no damage.
You block something's attack. Something hits you but does no damage.
Something hits you.
* * * LOW HITPOINT WARNING * * *
You closely miss something. You miss something.
Your transformation is almost over.
You hear some strange, mumbled words.
A puff of flame appears from out of thin air!
The puff of flame hits you but does no damage.
Something hits you but does no damage.
You miss something. You slash something!
Reactivating autopickup.
You feel a bit more experienced. Something completely misses you.
Something hits you but does no damage.
Deactivating autopickup; reactivate with Ctrl-A.
You have reached level 6!
Your experience leads to an increase in your attributes!
Increase (S)trength, (I)ntelligence, or (D)exterity?
You feel clever.
You hit something. Something hits you but does no damage.
You closely miss something. Something hits you but does no damage.
You closely miss something.
Something hits you but does no damage. x2
You miss something. Something hits you but does no damage.
You miss something.
You feel less wooden.
Your +0 plate armour unmelds from your body.
The orc wizard hits you with a +0 dagger.
* * * LOW HITPOINT WARNING * * *
The orc wizard gestures at you while chanting.
The magic dart hits you.
* * * LOW HITPOINT WARNING * * *
You hit the orc wizard but do no damage.
The orc wizard is lightly wounded.
The orc wizard hits you but does no damage.
You hit the orc wizard but do no damage.
The orc wizard is lightly wounded.
The orc wizard hits you but does no damage.
The orc wizard casts a spell at you. The magic dart hits you.
You die...

### #########.#
#.........# #.#######.#
##'## ###.##########
#...# #.....@o.....#
#...##...#....).[...#
####...##.#.##.######..#
.......## # .... #
###....# ..[.... #.†..#
.....##. # #....# .....
.. # #....# .♣♣.. .. #
#....#


You could see an orc wizard (invisible).

Vanquished Creatures
  An orc priest (D:4)
  An iguana (D:2)
  An orc wizard (D:4)
  5 adders
  2 worms (D:3)
  2 dart slugs
  An orc (D:3)
  6 endoplasms
  4 giant cockroaches
  11 goblins
  10 hobgoblins
  4 quokkas (D:3)
  3 ball pythons
  A bat (D:2)
  2 frilled lizards (D:1)
  8 kobolds
  5 rats
67 creatures vanquished.

Notes
Turn   | Place    | Note
-------+----------+-------------------------------------------
     0 | D:1      | Descartes the Formicid Fighter began the quest for the Orb.
     0 | D:1      | Reached XP level 1. HP: 18/18 MP: 1/1
   168 | D:1      | Reached skill level 4 in Shields
   241 | D:1      | Reached XP level 2. HP: 7/24 MP: 2/2
   952 | D:1      | Reached XP level 3. HP: 29/29 MP: 3/3
   961 | D:1      | Reached skill level 5 in Shields
  1388 | D:2      | Reached XP level 4. HP: 10/35 MP: 4/4
  1863 | D:2      | Found Dapail's Distillery.
  1897 | D:2      | Reached skill level 6 in Shields
  2387 | D:2      | Reached XP level 5. HP: 41/41 MP: 5/5
  2479 | D:2      | Found Ynonagat's Book Boutique.
  2552 | D:2      | Found Qiash's Armour Shop.
  2942 | D:3      | Found a shadowy altar of Dithmenos.
  2959 | D:3      | Found a bloodstained altar of Trog.
  2964 | D:3      | Found a sacrificial altar of Ru.
  2965 | D:3      | Found a stormy altar of Qazlal.
  2965 | D:3      | Found a hide-covered altar of Uskayaw.
  3021 | D:3      | Found a basalt altar of Yredelemnul.
  3370 | D:3      | Found a sparkling altar of Nemelex Xobeh.
  3571 | D:4      | Reached skill level 7 in Shields
  3638 | D:4      | HP: 2/41 [orc wizard (1)]
  3667 | D:4      | Reached XP level 6. HP: 17/47 MP: 6/6
  3673 | D:4      | Killed from afar by an orc wizard

Illustrated notes

Levels and vault maps discovered:
D:1:      scummos_arrival_simple_crosswalls, layout_loops_ring
D:2:      layout_loops_ring, serial_shops, shop, nicolae_shop_behind_doors,
          shop, grunt_decor_one_mirror
D:3:      layout_basic, mainiacjoe_overflow_six_doors_small,
          grunt_temple_overflow_open, nicolae_dithmenos_shadow_blocks,
          nrook_loot_triangle
D:4:      layout_basic, mainiacjoe_overflow_cross_hatched,
          nicolae_wu_jian_wuxing_cycle, gammafunk_ghost_abyssal_escape

Skill      XL: |  1  2  3  4  5 |
---------------+----------------+-----
Shields        | 4 5 6 7 |  7.6
Fighting       | |  3.2
Axes           | |  2.0
Armour         | |  3.2

Action                   |  1- 3 |  4- 6 || total
-------------------------+-------+-------++-------
Melee: War axe           |   139 |   107 ||   246
       Morningstar       |       |    34 ||    34
  Use: Potion            |       |     5 ||     5
Armor: Scale mail        |    12 |       ||    12
       Plate armour      |    81 |    72 ||   153
       Skin              |       |    45 ||    45
Dodge: Dodged            |    25 |    31 ||    56
Block: Kite shield       |    78 |    80 ||   158
